Map: Vaani Research Station (Void)

Players

vinicio

  • Race: Protoss Protoss
  • League: Diamond
  • Spawn Location: 12:00

Trizztein - Winner!

  • Race: Terran Terran
  • League: Diamond
  • Spawn Location: 6:00

VOD

Have the link to the VOD?

Description

Time

  • Played on: Dec. 18, 2016, 7:41 p.m.
  • Length: 21:20
Show
View Real Time Build Order
Export as new Build Order

vinicio Protoss 

Build Orders: 1 Gate Expand, Blink Stalkers 

Get SALT Encoding   

  12  0:01  Probe (Chrono Boost)  
  13  0:14  Pylon  
  13  0:19  Probe (Chrono Boost)  
  14  0:29  Probe (Chrono Boost)  
  14  0:35  Gateway  
  15  0:40  Probe (Chrono Boost)  
  16  0:46  Assimilator  
  16  0:50  Probe (Chrono Boost)  
  17  1:16  Nexus  
  17  1:28  Cybernetics Core  
  17  1:29  Probe (Chrono Boost)  
  18  1:34  Assimilator  
  19  1:40  Probe (Chrono Boost)  
  19  1:58  Probe (Chrono Boost)  
  19  2:00  Stalker  
  20  2:04  Warp Gate  
  20  2:05  Pylon  
  22  2:10  Probe (Chrono Boost)  
  23  2:24  Probe (Chrono Boost)  
  24  2:31  Twilight Council  
  24  2:36  Probe (Chrono Boost)  
  25  2:40  Probe (Chrono Boost)  
  26  2:49  Probe (Chrono Boost)  
  26  2:50  Robotics Facility  
  26  2:51  Probe (Chrono Boost)  
  28  3:00  Blink  
  28  3:01  Probe x2 (Chrono Boost)  
  31  3:13  Probe (Chrono Boost)  
  31  3:16  Probe (Chrono Boost)  
  32  3:25  Probe (Chrono Boost)  
  33  3:27  Probe (Chrono Boost)  
  34  3:35  Observer  
  34  3:36  Gateway  
  34  3:37  Probe (Chrono Boost), Gateway  
  36  3:48  Mothership Core (Chrono Boost)  
  39  3:49  Probe (Chrono Boost)  
  39  3:51  Assimilator  
  39  3:58  Observer  
  39  4:01  Probe (Chrono Boost)  
  41  4:07  Probe (Chrono Boost)  
  42  4:10  Pylon  
  42  4:13  Probe (Chrono Boost)  
  42  4:14  Stalker, Pylon  
  45  4:19  Probe (Chrono Boost)  
  46  4:25  Observer  
  46  4:28  Pylon  
  46  4:29  Probe (Chrono Boost)  
  49  4:32  Probe (Chrono Boost)  
  49  4:34  Pylon  
  49  4:35  Stalker  
  51  4:39  Stalker  
  51  4:41  Probe (Chrono Boost)  
  51  4:44  Probe (Chrono Boost)  
  54  4:48  Stalker  
  57  4:54  Probe (Chrono Boost)  
  57  4:56  Probe (Chrono Boost)  
  57  4:58  Assimilator  
  58  5:00  Pylon  
  58  5:04  Stalker x2  
  58  5:05  Probe (Chrono Boost)  
  63  5:08  Probe (Chrono Boost)  
  64  5:16  Probe (Chrono Boost)  
  65  5:23  Robotics Bay  
  65  5:28  Forge  
  65  5:42  Observer  
  66  5:46  Adept x3  
  72  5:53  Nexus  
  72  5:57  Gateway  
  72  6:00  Gateway x2  
  72  6:01  Pylon  
  72  6:14  Stalker x2  
  72  6:15  Stalker  
  78  6:22  Pylon  
  78  6:31  Photon Cannon  
  77  6:41  Stalker x3  
  77  6:44  Probe (Chrono Boost)  
  77  6:45  Probe (Chrono Boost), Protoss Ground Weapons Level 1  
  85  6:50  Extended Thermal Lance, Colossus  
  86  6:55  Probe (Chrono Boost)  
  86  6:57  Probe (Chrono Boost)  
  93  7:06  Resonating Glaives  
  93  7:07  Probe (Chrono Boost)  
  96  7:08  Probe (Chrono Boost)  
  96  7:10  Probe (Chrono Boost)  
  96  7:18  Pylon  
  96  7:19  Probe x2 (Chrono Boost)  
  96  7:22  Probe (Chrono Boost)  
  99  7:29  Probe (Chrono Boost)  
  101  7:30  Pylon  
  101  7:31  Probe (Chrono Boost)  
  101  7:33  Pylon  
  101  7:34  Probe (Chrono Boost)  
  101  7:36  Pylon, Colossus  
  102  7:40  Probe (Chrono Boost)  
  102  7:43  Probe (Chrono Boost)  
  110  7:46  Probe (Chrono Boost), Assimilator  
  110  7:50  Probe (Chrono Boost), Assimilator  
  112  7:54  Adept x2  
  112  7:55  Adept x3, Probe (Chrono Boost)  
  112  7:57  Sentry  
  112  7:58  Probe (Chrono Boost)  
  126  8:02  Probe (Chrono Boost)  
  127  8:06  Pylon  
  127  8:07  Probe (Chrono Boost)  
  127  8:10  Probe (Chrono Boost)  
  129  8:19  Adept x4  
  136  8:20  Adept x2  
  136  8:23  Colossus  
  141  8:31  Photon Cannon  
  141  8:33  Pylon  
  146  8:37  Gateway  
  146  8:39  Protoss Ground Armor Level 1  
  146  8:51  Gateway  
  146  8:53  Gateway  
  146  8:57  Forge  
  146  9:01  Stalker x2  
  146  9:02  Stalker x4  
  158  9:10  Pylon  
  158  9:11  Pylon  
  158  9:12  Disruptor  
  147  9:40  Stalker x5  
  147  9:41  Stalker  
  147  9:43  Disruptor  
  159  9:51  Pylon  
  136  10:33  Stalker x2  
  136  10:34  Stalker x6  
  136  10:35  Stalker  
  149  11:00  Nexus, Disruptor  
  149  11:01  Protoss Ground Weapons Level 2  
  149  11:02  Assimilator  
  152  11:06  Stalker x5, Assimilator  
  152  11:08  Adept x4  
  152  11:09  Pylon  
  152  11:10  Protoss Ground Armor Level 2  
  170  11:19  Photon Cannon  
  170  11:22  Photon Cannon x2  
  170  11:25  Pylon  
  170  11:26  Pylon  
  170  11:27  Pylon  
  170  11:29  Photon Cannon  
  170  11:33  Photon Cannon  
  170  11:34  Observer  
  171  11:42  Robotics Facility, Stalker x2  
  171  11:43  Stalker  
  177  11:47  Templar Archives  
  177  12:06  Stalker x3  
  177  12:07  Stalker x3  
  181  12:25  Psionic Storm  
  181  12:28  Immortal  
  165  12:33  Immortal  
  167  13:12  Immortal  
  164  13:13  High Templar x6  
  164  13:14  High Templar  
  164  13:16  Probe x2 (Chrono Boost)  
  164  13:17  Immortal  
  188  13:28  Archon x3  
  188  13:33  Nexus  
  188  13:35  High Templar  
  188  13:40  Adept  
  192  13:42  Pylon  
  192  13:44  Pylon  
  192  13:46  Archon  
  156  13:56  Immortal  
  156  14:00  Immortal  
  151  14:03  Stalker x4  
  151  14:07  High Templar x3  
  166  14:36  Immortal  
  170  14:38  Nexus  
  170  14:39  Pylon  
  170  14:40  Stalker x3  
  170  14:42  High Templar  
  178  14:46  High Templar x2  
  182  14:58  Stalker x2  
  150  15:19  Adept x5  
  156  15:40  Stargate  
  156  15:42  Stargate  
  156  15:48  Photon Cannon  
  156  15:59  Stalker x2  
  152  16:15  Immortal  
  128  16:26  Immortal  
  128  16:31  High Templar  
  128  16:32  Fleet Beacon, High Templar  
  136  16:37  Assimilator  
  136  16:40  Assimilator  
  134  16:52  Protoss Ground Armor Level 3  
  134  16:53  Protoss Ground Weapons Level 3  
  134  16:59  Pylon  
  134  17:02  Pylon  
  118  17:32  Stargate  
  118  17:33  Stargate  
  118  17:42  Stargate  
  118  17:43  Stalker x5  
  118  17:44  Stalker x2, Dark Shrine  
  120  18:09  Stalker x5  
  120  18:10  Stalker x3  
  120  18:47  Fleet Beacon  
  113  19:07  Nexus  
  95  19:20  High Templar x2  
  95  19:25  Archon  
  71  19:43  Immortal  
  71  19:47  Zealot x4  
  68  20:31  Zealot  
  68  20:32  Zealot x3  
  68  20:33  Nexus  
Show
View Real Time Build Order
Export as new Build Order

Trizztein Terran - Winner!

Build Orders: Mech 

Get SALT Encoding   

  12  0:00  SCV  
  13  0:13  SCV  
  14  0:19  Supply Depot  
  14  0:25  SCV  
  15  0:40  SCV  
  15  0:42  Barracks  
  16  0:45  Refinery  
  16  0:52  SCV  
  17  1:04  SCV  
  18  1:16  SCV  
  20  1:34  Orbital Command  
  20  1:36  Barracks Reactor  
  19  1:47  Command Center  
  19  1:57  Supply Depot  
  19  2:00  SCV  
  20  2:10  Factory  
  20  2:14  SCV  
  21  2:16  Marine  
  21  2:19  Marine  
  23  2:26  Refinery, SCV  
  24  2:33  Marine  
  24  2:36  Marine  
  26  2:41  SCV  
  27  2:53  Marine, SCV  
  27  2:54  Widow Mine  
  31  2:59  Marine  
  31  3:04  Starport  
  31  3:05  SCV  
  33  3:08  Orbital Command  
  33  3:12  Marine  
  33  3:17  SCV  
  33  3:19  Supply Depot  
  35  3:23  Factory Tech Lab  
  35  3:29  SCV  
  36  3:35  SCV  
  37  3:41  SCV, Starport Tech Lab  
  37  3:47  SCV  
  39  3:48  Siege Tank  
  39  3:49  Marine x2  
  39  3:52  Supply Depot  
  39  3:53  SCV  
  45  3:59  SCV  
  45  4:01  Raven  
  48  4:05  SCV  
  48  4:09  Marine x2  
  51  4:11  SCV  
  51  4:15  Refinery  
  52  4:17  SCV  
  52  4:23  SCV, Siege Tank  
  57  4:29  SCV  
  58  4:33  Supply Depot  
  58  4:35  SCV  
  59  4:38  Command Center  
  59  4:42  SCV  
  60  4:47  SCV  
  61  4:54  SCV  
  61  4:59  SCV  
  63  5:00  Supply Depot  
  63  5:01  Supply Depot  
  63  5:06  SCV  
  64  5:07  Refinery  
  64  5:10  Barracks Reactor  
  64  5:11  SCV  
  64  5:14  Factory  
  65  5:15  Factory, Hellion x2  
  65  5:18  SCV  
  70  5:24  Armory  
  70  5:26  SCV, Supply Depot  
  70  5:27  Starport Reactor  
  71  5:35  SCV  
  72  5:38  SCV  
  72  5:41  Hellion  
  75  5:43  Hellion  
  75  5:47  SCV  
  78  5:50  SCV  
  78  5:53  Supply Depot  
  78  5:55  Orbital Command  
  79  5:59  SCV  
  79  6:00  Engineering Bay  
  79  6:02  SCV, Siege Tank  
  84  6:06  Cyclone  
  84  6:09  Hellion  
  89  6:12  Hellion  
  89  6:13  SCV  
  89  6:16  SCV  
  93  6:21  Orbital Command  
  93  6:25  SCV  
  95  6:29  SCV  
  95  6:33  Thor, Hellion  
  99  6:40  Refinery, Siege Tank  
  99  6:42  Refinery  
  102  6:48  Hellion  
  104  6:54  Hellion  
  104  6:56  SCV, Sensor Tower  
  107  7:01  Missile Turret  
  107  7:02  Missile Turret  
  107  7:05  SCV x2  
  107  7:08  SCV  
  110  7:11  Supply Depot  
  110  7:12  Marine, Siege Tank  
  110  7:15  Infernal Pre-Igniter  
  114  7:17  SCV  
  115  7:23  Terran Vehicle Weapons Level 1  
  115  7:24  SCV x2  
  115  7:29  Missile Turret  
  117  7:33  SCV, Siege Tank  
  117  7:34  Hellion  
  123  7:41  Hellion  
  125  7:46  Armory  
  125  7:52  Factory, Widow Mine  
  125  7:53  SCV x2, Supply Depot x2  
  125  7:54  SCV, Supply Depot  
  130  8:05  SCV  
  131  8:07  Liberator x2  
  131  8:17  SCV x2  
  133  8:20  Siege Tank  
  133  8:21  Cyclone x2  
  148  8:30  Supply Depot x2  
  148  8:32  Supply Depot  
  148  8:37  Cyclone x2  
  148  8:38  Siege Tank  
  148  8:39  Terran Vehicle And Ship Armor Level 1  
  157  8:52  Thor  
  157  8:53  Command Center  
  163  9:04  Starport  
  163  9:07  Viking  
  165  9:16  Hellion  
  165  9:17  Hellion, Siege Tank  
  170  9:35  Siege Tank  
  164  9:45  Hellion x3  
  170  9:49  Siege Tank  
  170  9:51  Terran Vehicle Weapons Level 2  
  173  9:53  Hellion  
  167  10:06  Hellion x2  
  143  10:07  Siege Tank  
  143  10:11  Refinery  
  143  10:12  Refinery  
  133  10:16  SCV, Hellion x2  
  133  10:18  Viking x2  
  133  10:19  Starport Reactor  
  133  10:21  Siege Tank  
  138  10:36  Terran Vehicle And Ship Armor Level 2  
  138  10:39  Siege Tank  
  138  10:41  Planetary Fortress, Barracks  
  136  10:53  Cyclone x2, Hellion x2  
  136  10:54  Cyclone  
  136  10:55  Viking x2  
  153  11:08  Liberator  
  153  11:11  Siege Tank  
  153  11:14  Missile Turret  
  153  11:15  Hellion x2  
  153  11:16  Missile Turret  
  153  11:17  Missile Turret  
  160  11:22  Missile Turret  
  160  11:23  Viking x2  
  167  11:25  Missile Turret  
  167  11:26  Siege Tank  
  172  11:33  Hellion x2  
  172  11:36  Liberator  
  172  11:37  Hellion  
  172  11:38  Viking  
  178  11:44  Command Center, Siege Tank  
  181  11:48  Hellion  
  181  11:53  Viking  
  181  11:54  Command Center, Hellion  
  189  12:08  Viking x2  
  188  12:17  Hellion x3  
  188  12:18  Terran Vehicle Weapons Level 3  
  190  12:29  Siege Tank x2  
  175  12:35  Hellion  
  177  12:38  Hellion  
  174  12:56  Terran Vehicle And Ship Armor Level 3  
  170  13:01  Siege Tank x2  
  170  13:02  Hellion x4  
  182  13:09  Hellion  
  174  13:21  Liberator  
  174  13:23  Hellion x2  
  178  13:33  Siege Tank  
  181  13:37  Hellion x2, Siege Tank  
  181  13:38  Planetary Fortress, Viking x3  
  197  13:50  Liberator  
  197  13:51  Hellion  
  191  14:00  Liberator x2  
  184  14:07  Hellion x4  
  184  14:09  Siege Tank  
  198  14:15  Hellion  
  194  14:23  Sensor Tower  
  192  14:28  Hellion x2, Siege Tank  
  196  14:43  Refinery  
  196  14:45  Sensor Tower  
  196  14:48  Refinery  
  196  14:50  Siege Tank  
  145  15:15  Hellion x3, Siege Tank  
  152  15:22  Siege Tank  
  155  15:31  Hellion  
  157  15:36  Hellion x2  
  157  15:37  Hellion  
  157  15:40  Liberator  
  163  15:47  Siege Tank  
  166  15:52  Hellion  
  166  15:54  Siege Tank  
  171  15:57  Hellion  
  171  15:58  Terran Ship Weapons Level 1, Hellion  
  171  16:03  Hellion  
  171  16:13  Hellion  
  165  16:19  Siege Tank  
  165  16:20  Hellion x2  
  165  16:24  Hellion  
  168  16:27  Siege Tank  
  171  16:34  Fusion Core  
  171  16:35  Hellion  
  171  16:38  Starport  
  171  16:39  Starport  
  173  16:45  Command Center  
  170  16:51  Siege Tank  
  173  16:56  Refinery  
  173  16:58  Thor  
  173  17:01  Command Center  
  179  17:02  Command Center  
  179  17:22  Liberator x2  
  169  17:31  Hellion  
  169  17:35  Siege Tank  
  172  17:37  Starport Tech Lab  
  172  17:38  Starport Tech Lab  
  172  17:39  Viking x2  
  172  17:41  Siege Tank  
  185  18:07  Siege Tank  
  188  18:14  Siege Tank  
  188  18:18  Hellion x2  
  182  18:40  Siege Tank  
  185  18:44  Terran Ship Weapons Level 2  
  185  18:46  Siege Tank  
  181  18:52  Hellion x2  
  176  18:59  SCV  
  168  19:12  Siege Tank  
  161  19:18  Siege Tank  
  136  19:44  Siege Tank  
  139  19:49  Planetary Fortress  
  127  20:02  Siege Tank  
  130  20:26  Starport Tech Lab  
  127  20:51  Hellion x3  
  127  20:52  Hellion x3  
Tags
 
Add a new tag
Caveats
  • Supply blocks, unpowered buildings, or Contaminate may cause inaccurate times.
  • Supply counts are checked every 10 seconds.